Map: 2000 Atmospheres LE

Players

DPGDark (Dark)

  • Race: Zerg Zerg
  • League: Master

DPGZest (Zest) - Winner!

  • Race: Protoss Protoss

Event: ASUS ROG Fall 2021

VOD

Have the link to the VOD?

Description

Time

  • Played on: Sept. 19, 2021, 6:16 a.m.
  • Length: 10:02

All games in this series

Show
View Real Time Build Order
Export as new Build Order

DPGDark Zerg 

Build Orders: Hatch First 

Get SALT Encoding   

  12  0:00  Drone  
  13  0:12  Overlord  
  13  0:17  Drone  
  14  0:32  Drone x2  
  16  0:36  Drone  
  17  0:52  Hatchery  
  17  0:55  Drone  
  17  0:58  Drone  
  18  1:11  Extractor  
  17  1:14  Spawning Pool  
  17  1:17  Drone  
  17  1:19  Drone  
  18  1:28  Drone  
  19  1:40  Drone  
  20  1:48  Hatchery  
  20  1:52  Drone  
  20  2:02  Drone  
  20  2:05  Zergling x2  
  20  2:08  Queen  
  22  2:14  Metabolic Boost  
  24  2:21  Drone  
  25  2:24  Overlord  
  25  2:28  Drone  
  27  2:30  Drone  
  27  2:37  Drone  
  27  2:42  Queen  
  30  2:45  Drone  
  30  2:50  Queen  
  33  2:56  Drone  
  34  2:58  Drone  
  34  3:03  Queen  
  34  3:04  Drone  
  38  3:07  Drone  
  38  3:10  Overlord  
  39  3:13  Drone  
  39  3:16  Drone  
  39  3:18  Overlord  
  41  3:22  Drone  
  41  3:24  Overlord  
  42  3:30  Zergling x6  
  42  3:32  Drone  
  46  3:37  Drone  
  46  3:40  Drone  
  48  3:43  Drone  
  48  3:45  Evolution Chamber  
  48  3:49  Spore Crawler, Queen  
  48  3:51  Spore Crawler, Drone  
  48  3:54  Drone  
  48  3:55  Drone  
  51  3:57  Drone  
  51  3:58  Drone  
  51  4:00  Drone  
  51  4:02  Drone  
  55  4:05  Drone x2  
  55  4:07  Drone  
  54  4:17  Drone x4  
  54  4:21  Overlord  
  54  4:23  Zerg Melee Weapons Level 1  
  58  4:26  Extractor  
  58  4:27  Overlord  
  58  4:28  Drone  
  57  4:31  Overlord  
  57  4:34  Overlord  
  57  4:39  Overlord  
  57  4:40  Drone x4  
  57  4:41  Drone  
  57  4:45  Queen  
  64  4:48  Drone x2  
  64  4:50  Drone x2  
  64  4:52  Drone  
  69  4:55  Drone  
  69  5:02  Drone x3  
  69  5:03  Drone x2  
  69  5:05  Drone x2  
  69  5:06  Drone  
  77  5:13  Drone x3  
  80  5:16  Drone  
  81  5:22  Lair, Hatchery  
  81  5:24  Drone x3  
  81  5:27  Queen  
  85  5:34  Drone  
  85  5:35  Drone x5  
  91  5:40  Extractor x3, Evolution Chamber  
  91  5:41  Extractor, Zergling x4  
  91  5:42  Zergling x4  
  90  5:46  Drone x2, Overlord  
  90  5:47  Drone  
  92  5:56  Drone x2  
  92  5:57  Drone  
  95  5:59  Overlord  
  95  6:03  Queen, Drone  
  97  6:04  Hatchery  
  97  6:09  Zerg Missile Weapons Level 1  
  96  6:13  Baneling Nest  
  96  6:14  Drone x4  
  99  6:20  Overlord  
  99  6:24  Hydralisk Den  
  98  6:25  Drone  
  98  6:26  Zergling x2, Drone x3  
  98  6:27  Zergling x10  
  98  6:28  Zergling x2  
  109  6:34  Overlord  
  109  6:36  Overlord  
  109  6:41  Zerg Melee Weapons Level 2, Overlord x2  
  109  6:50  Spore Crawler, Drone x2  
  109  6:54  Hydralisk x2  
  109  6:55  Hydralisk x5  
  109  7:00  Grooved Spines  
  123  7:02  Centrifical Hooks  
  123  7:06  Hydralisk x3  
  129  7:11  Hydralisk x3  
  129  7:13  Hydralisk  
  137  7:16  Hydralisk  
  137  7:17  Hydralisk  
  137  7:18  Hydralisk  
  137  7:22  Hydralisk  
  145  7:24  Overlord  
  145  7:26  Hydralisk  
  145  7:28  Zergling x10  
  152  7:31  Hydralisk  
  152  7:32  Hydralisk  
  152  7:34  Zergling x6  
  159  7:41  Overlord  
  159  7:44  Zergling x12  
  165  7:46  Zergling x4, Overseer  
  165  7:47  Overlord  
  167  7:53  Zergling x2  
  167  7:54  Zergling x6  
  167  7:55  Zergling x4, Hatchery  
  167  7:56  Zergling x2  
  167  7:58  Zergling x2  
  174  8:01  Baneling x9  
  174  8:02  Baneling x3  
  173  8:07  Zergling x12  
  173  8:12  Muscular Augments, Baneling x13  
  179  8:13  Zergling x2  
  179  8:17  Zergling x8  
  182  8:22  Zergling x12  
  182  8:23  Zergling x4  
  182  8:25  Hydralisk  
  172  8:28  Hydralisk x2  
  172  8:31  Hydralisk  
  165  8:34  Hydralisk  
  165  8:35  Hydralisk  
  165  8:40  Zergling x16  
  169  8:42  Hydralisk  
  171  8:49  Infestation Pit  
  166  9:00  Hydralisk x4  
  169  9:09  Hydralisk x2  
  159  9:10  Queen x3  
  159  9:11  Queen  
  159  9:15  Drone x5  
  159  9:16  Extractor  
  175  9:17  Hydralisk x2  
  175  9:18  Extractor, Zergling x4  
  175  9:19  Zergling x2  
  175  9:23  Hydralisk x2  
  179  9:27  Hydralisk  
  179  9:30  Overlord  
  179  9:31  Overlord x2  
Show
View Real Time Build Order
Export as new Build Order

DPGZest Protoss - Winner!

Build Orders: 1 Gate Expand, Oracle Opening, Carriers 

Get SALT Encoding   

  12  0:00  Probe  
  13  0:12  Probe  
  14  0:19  Pylon  
  14  0:24  Probe  
  15  0:37  Probe (Chrono Boost)  
  15  0:39  Gateway  
  16  0:47  Probe (Chrono Boost)  
  16  0:49  Assimilator  
  17  0:52  Probe (Chrono Boost)  
  18  1:03  Probe  
  19  1:15  Probe  
  20  1:25  Nexus  
  20  1:35  Cybernetics Core  
  20  1:39  Probe  
  21  1:45  Assimilator  
  21  1:51  Probe  
  21  1:54  Pylon  
  22  2:03  Probe (Chrono Boost)  
  23  2:12  Adept  
  23  2:15  Probe (Chrono Boost)  
  26  2:17  Stargate  
  26  2:20  Probe (Chrono Boost)  
  27  2:26  Warp Gate  
  28  2:32  Probe (Chrono Boost)  
  28  2:37  Probe (Chrono Boost)  
  28  2:42  Adept  
  32  2:46  Probe x2 (Chrono Boost)  
  33  2:51  Void Ray (Chrono Boost), Probe (Chrono Boost)  
  33  2:54  Probe  
  35  3:03  Probe  
  40  3:06  Probe  
  40  3:07  Pylon  
  41  3:13  Gateway  
  41  3:18  Probe x2  
  43  3:24  Oracle (Chrono Boost)  
  46  3:30  Probe x2  
  48  3:44  Nexus  
  48  3:46  Pylon  
  48  3:49  Probe x2  
  48  3:52  Assimilator  
  48  3:54  Assimilator  
  50  4:02  Probe (Chrono Boost)  
  52  4:05  Pylon  
  52  4:06  Probe (Chrono Boost)  
  52  4:12  Void Ray, Probe (Chrono Boost)  
  52  4:16  Probe (Chrono Boost)  
  54  4:17  Probe (Chrono Boost)  
  54  4:20  Protoss Air Weapons Level 1  
  59  4:24  Pylon  
  59  4:26  Probe  
  59  4:28  Probe  
  61  4:34  Stargate  
  61  4:35  Forge  
  61  4:38  Probe (Chrono Boost)  
  62  4:41  Pylon, Probe (Chrono Boost)  
  63  4:49  Probe (Chrono Boost)  
  63  4:52  Probe (Chrono Boost)  
  65  4:55  Probe (Chrono Boost)  
  65  4:57  Probe x2 (Chrono Boost)  
  65  4:58  Void Ray  
  68  5:07  Shield Battery  
  74  5:08  Probe (Chrono Boost)  
  74  5:09  Probe (Chrono Boost)  
  74  5:12  Probe (Chrono Boost)  
  75  5:16  Probe (Chrono Boost)  
  75  5:17  Void Ray  
  75  5:18  Probe (Chrono Boost)  
  75  5:19  Probe (Chrono Boost)  
  78  5:23  Probe  
  83  5:28  Probe  
  83  5:29  Assimilator  
  83  5:30  Assimilator  
  83  5:31  Pylon, Probe  
  83  5:34  Stargate  
  83  5:35  Fleet Beacon, Probe  
  86  5:40  Probe  
  86  5:42  Pylon  
  87  5:43  Probe  
  87  5:47  Probe  
  89  5:52  Probe  
  89  5:55  Probe  
  91  5:59  Photon Cannon  
  91  6:01  Probe  
  92  6:04  Probe  
  92  6:07  Photon Cannon  
  92  6:08  Shield Battery  
  93  6:12  Nexus  
  93  6:14  Pylon  
  93  6:15  Pylon  
  93  6:27  Carrier x2 (Chrono Boost)  
  105  6:34  Carrier (Chrono Boost)  
  105  6:39  Photon Cannon  
  111  6:42  Adept  
  111  6:44  Gateway  
  111  6:45  Gateway  
  111  6:46  Probe  
  111  6:47  Probe x2  
  116  6:59  Probe x2  
  118  7:03  Protoss Air Weapons Level 2 (Chrono Boost), Probe  
  119  7:10  Assimilator  
  119  7:11  Probe x2  
  119  7:12  Assimilator  
  119  7:15  Pylon  
  121  7:16  Probe  
  121  7:20  Pylon  
  121  7:21  Carrier (Chrono Boost)  
  122  7:23  Probe  
  122  7:25  Carrier (Chrono Boost)  
  141  7:30  Carrier (Chrono Boost)  
  144  7:39  Gateway x2  
  141  7:46  Adept x4  
  141  7:49  Photon Cannon  
  141  7:51  Shield Battery  
  149  8:00  Shield Battery  
  149  8:01  Pylon x2  
  149  8:03  Shield Battery  
  149  8:04  Shield Battery  
  149  8:07  Adept x2  
  149  8:08  Adept x2  
  157  8:18  Void Ray x2 (Chrono Boost)  
  157  8:26  Void Ray (Chrono Boost)  
  136  8:37  Probe x2  
  130  8:42  Shield Battery, Probe x2  
  130  8:46  Shield Battery  
  132  8:52  Void Ray x2 (Chrono Boost)  
  130  8:56  Zealot  
  130  8:57  Zealot x3  
  130  8:58  Void Ray (Chrono Boost)  
  130  8:59  Flux Vanes  
  146  9:19  Zealot x3  
  141  9:56  Zealot  
Tags
 
Add a new tag
Caveats
  • Supply blocks, unpowered buildings, or Contaminate may cause inaccurate times.
  • Supply counts are checked every 10 seconds.